 Dungeon Crawl Stone Soup version 0.22-b1-26-g9dbaab1112 (webtiles) character file.

217868 IceCat the Hoplite (level 19, -22/118 HPs)
             Began as a Gargoyle Fighter on Aug 9, 2018.
             Was the Champion of Okawaru.
             Killed from afar by a Brimstone Fiend (39 damage)
             ... with damnation
             ... summoned by an ancient lich
             ... on level 3 of the Depths.
             The game lasted 02:48:17 (32181 turns).

IceCat the Hoplite (Gargoyle Fighter)              Turns: 32181, Time: 02:48:18

Health: -22/118    AC: 47    Str: 31    XL:     19   Next: 49%
Magic:  19/25      EV: 10    Int: 12    God:    Okawaru [******]
Gold:   2590       SH: 32    Dex:  9    Spells: 18/18 levels left

rFire    + . .     SeeInvis .   r - +2 demon whip (freeze)
rCold    + . .     Gourm    .   A - +0 large shield
rNeg     + + .     Faith    .   U - +2 plate armour {rPois}
rPois    ∞         Spirit   .   R - +0 helmet "Diug" {+Inv Regen+ rCorr}
rElec    +         Reflect  +   C - scarf {rC+ rF+}
rCorr    +         Harm     .   T - +2 pair of gloves {Str+3}
MR       +....                  p - +2 pair of boots {Stlth+}
Stlth    ..........             m - +4 amulet of reflection
HPRegen  0.69/turn              a - +3 ring of strength
MPRegen  0.19/turn              M - ring of positive energy

@: heroism, finesse
A: big wings, iridescent scales 1, yellow scales 1, negative energy resistance
1, sense surroundings 1, screaming 2, electricity resistance, unbreathing,
petrification resistance, rot immunity, subdued magic 1, AC +14
a: Fly, Heroism, Finesse, Renounce Religion, Evoke Invisibility


You were on level 3 of the Depths.
You worshipped Okawaru.
Okawaru was exalted by your worship.
You were not hungry.

You visited 5 branches of the dungeon, and saw 27 of its levels.
You visited the Abyss 2 times.
You also visited: Ossuary and Ice Cave.

You collected 3116 gold pieces.
You spent 526 gold pieces at shops.

Inventory:

Hand Weapons
 r - a +2 demon whip of freezing (weapon)
 K - a +2 demon whip of pain
 S - a +2 mace of holy wrath
Armour
 p - a +2 pair of boots of stealth (worn)
 A - a +0 large shield (worn)
 C - a scarf of resistance (worn)
 J - the +1 pair of gloves of Beyond {rPois rF- rN++ Str+2}
   (Okawaru gifted it to you on level 3 of the Lair of Beasts)

   It affects your strength (+2).
   It makes you vulnerable to fire.
   It protects you from poison.
   It greatly protects you from negative energy.
 O - a +2 hat of magic resistance
 R - the +0 helmet "Diug" (worn) {+Inv Regen+ rCorr}
   (Okawaru gifted it to you on level 2 of the Depths)

   It lets you turn invisible.
   It increases your rate of regeneration.
   It provides partial protection from all sources of acid and corrosion.
 T - a +2 pair of gloves of strength (worn)
 U - a +2 plate armour of poison resistance (worn)
Jewellery
 a - a +3 ring of strength (left hand)
 m - a +4 amulet of reflection (around neck)
 t - an uncursed ring of wizardry
 M - a ring of positive energy (right hand)
 P - an uncursed ring of resist corrosion
 Q - the amulet "Ateekko" {Inacc rPois rF+++ rC- Dex+9}
   (You found it on level 15 of the Dungeon)

   [amulet of inaccuracy]

   It reduces the accuracy of all your attacks.
   It affects your dexterity (+9).
   It renders you almost immune to fire.
   It makes you vulnerable to cold.
   It protects you from poison.
Wands
 e - a wand of polymorph (19)
 x - a wand of paralysis (27)
 B - a wand of flame (95)
 L - a wand of acid (22)
 N - a wand of digging (7)
Scrolls
 b - 8 scrolls of enchant armour
 g - 5 scrolls of fear
 k - 4 scrolls of enchant weapon
 l - 14 scrolls of teleportation
 n - 2 scrolls of magic mapping
 o - 17 scrolls of remove curse
 s - 6 scrolls of fog
 y - 3 scrolls of blinking
 z - 6 scrolls of identify
 F - 2 scrolls of holy word
 H - 5 scrolls of noise
Potions
 d - 4 potions of might
 h - 11 potions of curing
 i - a potion of haste
 q - 2 potions of cancellation
 u - a potion of magic
 v - 6 potions of brilliance
 D - a potion of invisibility
 E - 3 potions of agility
 G - a potion of berserk rage
 W - a potion of mutation
Miscellaneous
 c - a lamp of fire (inert)
 I - a lightning rod (1/4)
Comestibles
 f - 48 rations


   Skills:
 + Level 12.9(17.9) Fighting
 + Level 17.9(22.9) Maces & Flails
 * Level 12.0(17.0) Armour
 + Level 23.2(27) Shields
 * Level 8.0 Invocations
 - Level 5.0 Evocations


You had 18 spell levels left.
You didn't know any spells.
Your spell library contained the following spells:

 Spells                   Type           Power        Failure   Level  Hunger
 Cause Fear               Hex            #.........   100%        4    #####..
 Magic Dart               Conj           #...         80%         1    ##.....
 Fireball                 Conj/Fire      #.........   100%        5    ######.
 Apportation              Tloc           #.....       80%         1    ##.....
 Conjure Flame            Conj/Fire      #.......     99%         3    ####...
 Bolt of Fire             Conj/Fire      #.........   100%        6    #######
 Slow                     Hex            #.......     91%         2    ###....
 Confuse                  Hex            #.......     99%         3    ####...
 Throw Flame              Conj/Fire      #.....       91%         2    ###....
 Freezing Cloud           Conj/Ice/Air   #.........   100%        6    #######
 Mephitic Cloud           Conj/Pois/Air  #.......     99%         3    ####...
 Ring of Flames           Chrm/Fire      #.........   100%        7    #######
 Venom Bolt               Conj/Pois      #.........   100%        5    ######.
 Olgreb's Toxic Radiance  Pois           #.......     100%        4    #####..
 Summon Small Mammal      Summ           #...         80%         1    ##.....
 Blink                    Tloc           N/A          91%         2    ###....
 Animate Skeleton         Necr           N/A          80%         1    ##.....
 Sticky Flame             Conj/Fire      #.......     100%        4    #####..
 Summon Ice Beast         Ice/Summ       #.......     100%        4    #####..
 Call Imp                 Summ           #.......     91%         2    ###....
 Regeneration             Chrm/Necr      #.........   99%         3    ####...
 Sting                    Conj/Pois      #...         80%         1    ##.....
 Tukima's Dance           Hex            #.......     99%         3    ####...
 Stone Arrow              Conj/Erth      #.....       99%         3    ####...
 Spider Form              Tmut/Pois      #.........   99%         3    ####...
 Blade Hands              Tmut           #.........   100%        5    ######.
 Ice Form                 Ice/Tmut       #.......     100%        4    #####..
 Dragon Form              Tmut           #.........   100%        7    #######
 Confusing Touch          Hex            #.....       80%         1    ##.....
 Flame Tongue             Conj/Fire      #....        80%         1    ##.....
 Sticks to Snakes         Tmut           #.......     91%         2    ###....
 Call Canine Familiar     Summ           #.......     99%         3    ####...
 Ensorcelled Hibernation  Hex/Ice        #.....       91%         2    ###....
 Summon Butterflies       Summ           #.......     80%         1    ##.....
 Corona                   Hex            #......      80%         1    ##.....
 Summon Hydra             Summ           #.........   100%        7    #######
 Shroud of Golubria       Chrm/Tloc      #.........   91%         2    ###....
 Inner Flame              Hex/Fire       #.......     99%         3    ####...
 Beastly Appendage        Tmut           #.....       80%         1    ##.....
 Dazzling Spray           Conj/Hex       #.....       99%         3    ####...
 Infusion                 Chrm           #...         80%         1    ##.....
 Song of Slaying          Chrm           #.......     91%         2    ###....
 Spectral Weapon          Hex/Chrm       #.......     99%         3    ####...
 Summon Lightning Spire   Summ/Air       #.......     100%        4    #####..
 Summon Guardian Golem    Hex/Summ       #.......     99%         3    ####...
 Dragon's Call            Summ           #.........   100%        9    #######
 Summon Mana Viper        Hex/Summ       #.......     100%        5    ######.
 Poisonous Vapours        Pois/Air       #.....       91%         2    ###....


Dungeon Overview and Level Annotations

Branches:
Dungeon (15/15)            Temple (1/1) D:4            Lair (6/6) D:9
 Shoals (0/4) Lair:3        Snake (0/4) Lair:4        Slime (0/5) Lair:6
    Orc (2/2) D:10            Elf (0/3) Orc:2        Vaults (0/5) D:13
 Depths (3/5) D:15

Altars:
Ashenzari
Cheibriados
Dithmenos
Elyvilon
Fedhas
Gozag
Hepliaklqana
Kikubaaqudgha
Makhleb
Nemelex Xobeh
Okawaru
Qazlal
Ru
Sif Muna
Trog
Uskayaw
Vehumet
Wu Jian
Xom
Yredelemnul
Zin
The Shining One
Beogh
Jiyva

Shops:
D:7 *   Orc:2 ([=*

Portals:
Hell: Depths:1 Depths:2
Abyss: Depths:2 Depths:3
Pandemonium: Depths:2
Ziggurat: Depths:3
Trove: D:11 (give +3 shadow dragon scales)

Annotations:
D:7 2 transporters, IceCat's ghost, novice GrFi
Lair:3 3 runed doors, Bauhell's ghost, journeyman HuSu
Lair:6 2 runed doors, Arth's ghost, journeyman TrFi


Innate Abilities, Weirdness & Mutations

You are resistant to torment.
Your stone body is resilient. (AC +14)
You are immune to poison.
Your large and strong wings let you fly indefinitely.
You resist negative energy. (rN+)
You are resistant to electric shocks. (rElec)
You can survive without breathing.
You are immune to petrification.
You are immune to rotting.
You are partially covered in iridescent scales. (AC +2)
You are partially covered in yellow scales. (AC +2)
You passively map a small area around you.
You sometimes yell uncontrollably at your foes.
Your spells are a little easier to cast, but a little less powerful.


Message History

The Tzitzimitl is heavily wounded.
The Tzitzimitl calls on the powers of darkness!
Your body is wracked with pain!
You closely miss the Tzitzimitl.
The Tzitzimitl is heavily wounded.
You whack the Tzitzimitl!
The Tzitzimitl is heavily wounded.
You hit the Tzitzimitl.
The Tzitzimitl is severely wounded.
You hear some strange, mumbled words.
The Tzitzimitl calls on the powers of darkness!
Your body is wracked with pain!
The Brimstone Fiend calls on the powers of darkness!
Your body is wracked with pain!
The Tzitzimitl gestures at you. The bolt of cold hits you! You resist.
* * * LOW HITPOINT WARNING * * *
The Brimstone Fiend gestures at you.
The sphere of damnation explodes!
The damnation engulfs you!
You die...

#....###....
#......'....
#.....†##'##
#.......#.<#
#####.......#..#
#######...#.....###...
#.........'.....#,#..)
#.........#.....# #...
*#...@...##.....#,####
#.#.###.#......# #..1#
###'##...# , *
*#.1#...# #.,#...# ,,
#.#####...+. ##..'.
*#..#...#...# ..#.
#..##.∩.##..# #
##..#...#..## ### ,#
##.#####.#.# #..#+##


You could see a Tzitzimitl and a Brimstone Fiend.

Vanquished Creatures
  3 juggernauts
  Saint Roka (Depths:2)
  the Enchantress (Depths:2)
  4 liches
  Rupert (Lair:4)
  A titan (Depths:2)
  Kirke (D:15)
  A tengu reaver (Depths:3)
  A fire giant (Depths:2)
  9 frost giants
  An orc warlord (Orc:2)
  A cacodemon (Abyss:2)
  5 spriggan defenders (Depths:2)
  10 stone giants
  5 very ugly things
  2 vampire knights
  8 ettins
  6 fire dragons
  A yaktaur captain (Depths:3)
  8 great orbs of eyes
  3 ogre magi
  12 vault guards
  2 rakshasas
  8 hydras
  4 spriggan air magi
  3 ice dragons
  A death knight (D:15)
  7 two-headed ogres
  6 centaur warriors
  3 deep troll shamans
  8 deep troll earth magi
  An orc high priest (Orc:2)
  11 tengu warriors
  4 death yaks (Lair:5)
  16 slime creatures
  Nergalle (Lair:3)
  A sixfirhy (Depths:2)
  2 iron trolls (Depths:3)
  2 shadow wraiths
  A fire crab (shapeshifter) (D:15)
  12 deep trolls
  2 flayed ghosts
  5 unseen horrors
  2 glowing orange brains (Depths:2)
  A lindwurm (Lair:6)
  A wolf spider zombie (D:15)
  4 wizards
  A harpy (shapeshifter) (Depths:3)
  Pikel (D:7)
  2 necromancers
  4 orc knights (Orc:1)
  4 orc sorcerers
  11 ugly things
  2 oklob plants (Lair:2)
  2 deep elf magi (D:15)
  5 cyclopes
  A merfolk siren (Lair:3)
  4 manticores
  2 ice statues (IceCv)
  A salamander (D:15)
  7 elephants
  8 black mambas
  2 guardian serpents (D:15)
  A black mamba (shapeshifter) (D:13)
  Psyche (D:12)
  4 orange demons (D:14)
  A naga mage (D:15)
  7 torpor snails
  8 gargoyles
  9 spiny frogs
  4 rime drakes
  A kobold demonologist (D:15)
  7 yaktaurs
  3 efreet
  A tormentor (Depths:2)
  5 komodo dragons
  A red devil (Depths:2)
  10 ice devils
  2 tengu conjurers
  An ancient zyme (Abyss:2)
  A queen bee (D:11)
  8 trolls
  11 hornets
  7 tyrant leeches
  7 blink frogs
  2 raiju (Abyss:2)
  Prince Ribbit (D:8)
  10 hippogriffs
  A centaur simulacrum (D:15)
  A meliai zombie (D:14)
  A redback (D:15)
  9 spriggans
  2 shadows
  2 wraiths
  Eustachio (D:4)
  A water elemental (Depths:3)
  53 yaks
  2 hogs (D:15)
  4 hungry ghosts
  4 basilisks
  A hog (shapeshifter) (Depths:2)
  2 vampire mosquitoes (D:15)
  A chaos spawn (Depths:2)
  Menkaure (D:6)
  A soldier ant (D:12)
  3 wargs
  3 swamp worms (Lair:2)
  16 water moccasins
  9 nagas
  A soldier ant (shapeshifter) (D:15)
  Duvessa (D:7)
  5 porcupines
  42 orc warriors
  4 sky beasts
  3 floating eyes
  15 ogres
  An ice beast (D:13)
  4 slaves (D:7)
  2 phantoms
  4 boggarts
  An eye of draining (shapeshifter) (Depths:2)
  4 centaurs
  9 wolves
  19 crocodiles
  A big kobold (D:8)
  A small abomination (Abyss:2)
  24 bullfrogs
  2 gnoll sergeants
  Dowan (D:7)
  2 water moccasin zombies (Ossuary)
  10 scorpions
  26 wights
  32 killer bees
  2 electric eels
  5 howler monkeys
  15 crimson imps
  A quasit (Abyss:2)
  4 centaur zombies
  4 bullfrog zombies
  5 hounds
  A bullfrog skeleton (D:11)
  23 orc priests
  An iron imp (Depths:2)
  9 jellies
  23 orc wizards
  17 mummies (Ossuary)
  4 centaur skeletons
  5 iguanas
  9 worker ants
  A killer bee zombie (Ossuary)
  5 hound zombies (Ossuary)
  A hound skeleton (D:8)
  2 howler monkey zombies
  3 worker ant zombies
  16 adders
  18 gnolls
  6 shadow imps
  9 white imps (IceCv)
  8 ufetubi
  2 oozes
  An adder skeleton (D:9)
  3 adder zombies
  8 worms
  5 leopard geckos
  70 orcs
  An orc (shapeshifter) (Depths:3)
  4 ball pythons
  8 bats
  7 giant cockroaches
  10 goblins
  5 hobgoblins
  10 jackals
  9 kobolds
  9 quokkas
  2 frilled lizards
  2 jackal zombies (Ossuary)
  A leopard gecko zombie (Ossuary)
  A quokka zombie (D:6)
  5 rats
1055 creatures vanquished.

Vanquished Creatures (others)
  2 fire giants (Depths:2)
  A reaper (IceCv)
  A stone giant (Depths:2)
  A yaktaur captain (D:15)
  A centaur warrior (Depths:3)
  2 yaktaurs
  3 humans (D:15)
  2 boggarts (Depths:3)
  3 centaurs
  2 orc wizards (Orc:2)
  A white imp (IceCv)
  3 ufetubi (IceCv)
  An orc (D:7)
  A kobold (D:8)
  A bush (Lair:6)
  2 fungi (Lair:6)
  12 plants
  A withered plant (Ossuary)
40 creatures vanquished.

Grand Total: 1095 creatures vanquished

Notes
Turn   | Place    | Note
-------+----------+-------------------------------------------
     0 | D:1      | IceCat the Gargoyle Fighter began the quest for the Orb.
     0 | D:1      | Reached XP level 1. HP: 14/14 MP: 1/1
   129 | D:1      | Reached XP level 2. HP: 17/19 MP: 2/2
   741 | D:2      | Reached XP level 3. HP: 19/23 MP: 3/3
   986 | D:2      | Reached skill level 4 in Shields
  1042 | D:2      | Reached XP level 4. HP: 10/28 MP: 4/4
  1746 | D:3      | Reached XP level 5. HP: 33/33 MP: 5/5
  2508 | D:4      | Reached XP level 6. HP: 32/38 MP: 6/6
  2557 | D:4      | Reached skill level 5 in Maces & Flails
  2557 | D:4      | Reached skill level 5 in Shields
  2669 | D:4      | Noticed Eustachio
  2719 | D:4      | Killed Eustachio
  2719 | D:4      | Reached XP level 7. HP: 43/43 MP: 7/7
  2737 | D:4      | Found a staircase to the Ecumenical Temple.
  2747 | Temple   | Entered the Ecumenical Temple
  2808 | Temple   | Became a worshipper of Warmaster Okawaru
  2917 | D:4      | Found a glowing golden altar of the Shining One.
  2917 | D:4      | Found an ancient bone altar of Kikubaaqudgha.
  2924 | D:4      | Found an opulent altar of Gozag.
  2926 | D:4      | Found a shattered altar of Ashenzari.
  2927 | D:4      | Found a sparkling altar of Nemelex Xobeh.
  3213 | D:5      | Entered Level 5 of the Dungeon
  3424 | D:5      | Reached skill level 6 in Shields
  3428 | D:5      | Reached XP level 8. HP: 45/48 MP: 8/8
  3615 | D:5      | Gained mutation: Your muscles are strong. (Str +2) [potion of mutation]
  3615 | D:5      | Gained mutation: You possess an exceptional clarity of mind. [potion of mutation]
  3615 | D:5      | Gained mutation: You are partially covered in yellow scales. (AC +2) [potion of mutation]
  3638 | D:5      | Found a sacrificial altar of Ru.
  4009 | D:6      | Noticed Menkaure
  4024 | D:6      | Killed Menkaure
  4024 | D:6      | Reached * piety under Okawaru
  4118 | D:6      | Reached skill level 5 in Armour
  4608 | D:7      | Noticed Duvessa
  4609 | D:7      | Noticed Dowan
  4610 | D:7      | Noticed a white ugly thing
  4618 | D:6      | Reached skill level 7 in Shields
  4717 | D:7      | Reached XP level 9. HP: 52/52 MP: 9/9
  4821 | D:7      | Killed a white ugly thing
  4821 | D:7      | Reached ** piety under Okawaru
  4821 | D:7      | Reached skill level 1 in Invocations
  4826 | D:7      | Killed Duvessa
  4826 | D:7      | Reached skill level 5 in Fighting
  4859 | D:7      | Killed Dowan
  5069 | D:7      | Reached skill level 8 in Shields
  5192 | D:7      | Noticed Pikel
  5254 | D:7      | Killed Pikel
  5254 | D:7      | Reached *** piety under Okawaru
  5390 | D:7      | Found Paaloukh's General Store.
  5503 | D:7      | Found a transporter.
  5507 | D:7      | Found a transporter.
  5507 | D:7      | Noticed IceCat's ghost (novice GrFi)
  5508 | D:7      | Noticed a two-headed ogre
  5557 | D:7      | Reached XP level 10. HP: 56/59 MP: 12/12
  5667 | D:8      | Reached skill level 10 in Maces & Flails
  5812 | D:8      | Noticed a two-headed ogre
  5821 | D:8      | Killed a two-headed ogre
  5821 | D:8      | Reached **** piety under Okawaru
  5884 | D:8      | Reached skill level 9 in Shields
  5893 | D:8      | Noticed a two-headed ogre
  5907 | D:8      | Killed a two-headed ogre
  5937 | D:8      | Found a glowing golden altar of the Shining One.
  5953 | D:8      | Found a sand-covered staircase.
  5958 | Ossuary  | Entered an ossuary
  6152 | Ossuary  | Reached ***** piety under Okawaru
  6379 | D:8      | Noticed a two-headed ogre
  6389 | D:8      | Killed a two-headed ogre
  6389 | D:8      | Reached XP level 11. HP: 64/64 MP: 11/14
  6407 | D:8      | Noticed Prince Ribbit
  6422 | D:8      | Killed Prince Ribbit
  6540 | D:8      | Reached skill level 5 in Invocations
  7116 | D:9      | Found a staircase to the Lair.
  7526 | D:9      | Received a gift from Okawaru
  7877 | D:9      | Reached skill level 10 in Shields
  8309 | D:10     | Entered Level 10 of the Dungeon
  8581 | D:10     | Killed an unseen horror
  8581 | D:10     | Received a gift from Okawaru
  8866 | D:10     | Found a staircase to the Orcish Mines.
  9448 | Lair:1   | Entered Level 1 of the Lair of Beasts
  9580 | Lair:1   | Reached ****** piety under Okawaru
  9580 | Lair:1   | Reached XP level 12. HP: 72/72 MP: 16/16
  9622 | Lair:1   | Noticed a four-headed hydra
  9639 | Lair:1   | Killed a four-headed hydra
 10017 | Lair:1   | Reached skill level 1 in Evocations
 10331 | Lair:1   | Received a gift from Okawaru
 10977 | Lair:2   | Reached skill level 11 in Shields
 11863 | Lair:3   | Received a gift from Okawaru
 11869 | Lair:3   | Got a steaming great mace {god gift}
 11875 | Lair:3   | Identified the +3 great mace of Vouck {distort, Fragile Str+5} (Okawaru gifted it to you on level 3 of the Lair of Beasts)
 11876 | Lair:3   | Cast into level 2 of the Abyss (a distortion unwield)
 11904 | Abyss:2  | Found a corrupted altar of Lugonu.
 12018 | Abyss:2  | Noticed a cacodemon
 12027 | Abyss:2  | Gained mutation: You occasionally shout uncontrollably at your foes. [a cacodemon]
 12033 | Abyss:2  | Gained mutation: You sometimes yell uncontrollably at your foes. [a cacodemon]
 12042 | Abyss:2  | Gained mutation: You are frail. (-10% HP) [a cacodemon]
 12060 | Abyss:2  | Killed a cacodemon
 12110 | Abyss:2  | Noticed a thrashing horror
 12164 | Abyss:2  | Reached XP level 13. HP: 48/70 MP: 15/17
 12426 | Lair:3   | Escaped the Abyss
 12467 | Lair:3   | Lost mutation: You possess an exceptional clarity of mind. [potion of mutation]
 12467 | Lair:3   | Lost mutation: Your muscles are strong. (Str +2) [potion of mutation]
 12467 | Lair:3   | Lost mutation: You are frail. (-10% HP) [potion of mutation]
 12467 | Lair:3   | Gained mutation: You passively map a small area around you. [potion of mutation]
 12467 | Lair:3   | Gained mutation: You are partially covered in iridescent scales. (AC +2) [potion of mutation]
 12725 | Lair:3   | Found a runed gate.
 12725 | Lair:3   | Found a runed gate.
 12725 | Lair:3   | Found a runed gate.
 12725 | Lair:3   | Noticed a death ooze
 12726 | Lair:3   | Noticed Bauhell's ghost (journeyman HuSu)
 12808 | Lair:3   | Noticed Nergalle
 12834 | Lair:3   | Killed Nergalle
 12952 | Lair:3   | Received a gift from Okawaru
 12959 | Lair:3   | Got a pair of warped gloves {god gift}
 12965 | Lair:3   | Identified the +1 pair of gloves of Beyond {rPois rF- rN++ Str+2} (Okawaru gifted it to you on level 3 of the Lair of Beasts)
 13188 | Lair:3   | Found a staircase to the Shoals.
 13441 | Lair:3   | Found a viscous altar of Jiyva.
 13523 | Lair:4   | Noticed Rupert
 13549 | Lair:4   | Killed Rupert
 13727 | Lair:4   | Found a staircase to the Snake Pit.
 13838 | Lair:4   | Reached skill level 15 in Maces & Flails
 14852 | Lair:5   | Reached skill level 5 in Evocations
 15215 | Lair:5   | Received a gift from Okawaru
 15226 | Lair:5   | Gained mutation: Your large and strong wings let you fly indefinitely. [Gargoyle growth]
 15226 | Lair:5   | Reached XP level 14. HP: 79/87 MP: 18/18
 15396 | Lair:5   | Received a gift from Okawaru
 15649 | Lair:6   | Entered Level 6 of the Lair of Beasts
 15654 | Lair:6   | Reached skill level 10 in Fighting
 15673 | Lair:6   | Received a gift from Okawaru
 15919 | Lair:6   | Reached skill level 10 in Armour
 16193 | Lair:6   | Found a viscous altar of Jiyva.
 16194 | Lair:6   | Found a staircase to the Slime Pits.
 16312 | Lair:6   | Found a runed door.
 16312 | Lair:6   | Noticed Arth's ghost (journeyman TrFi)
 16581 | Lair:6   | Found a runed door.
 16658 | Lair:6   | Reached skill level 12 in Shields
 16992 | Lair:6   | Received a gift from Okawaru
 17002 | Lair:6   | Got a polished ring mail {god gift}
 17013 | Lair:6   | Identified the +0 ring mail "Nulloxze" {Str+2} (Okawaru gifted it to you on level 6 of the Lair of Beasts)
 17321 | Orc:1    | Entered Level 1 of the Orcish Mines
 17698 | Orc:1    | Found a frozen archway.
 17708 | IceCv    | Entered an ice cave
 18068 | IceCv    | Killed a reaper
 18194 | IceCv    | Got a slimy demon trident
 18195 | IceCv    | Identified the +12 demon trident "Tisaishryenub" {venom, rElec Int+6} (You found it in an ice cave)
 18355 | Orc:2    | Entered Level 2 of the Orcish Mines
 19535 | Orc:2    | Paralysed by an orc sorcerer for 3 turns
 19554 | Orc:1    | Reached XP level 15. HP: 82/95 MP: 19/19
 19558 | Orc:1    | Gained mutation: Your spells are a little easier to cast, but a little less powerful. [a neqoxec]
 19618 | Orc:2    | Found a staircase to the Elven Halls.
 19996 | Orc:1    | Reached skill level 13 in Shields
 20490 | Orc:2    | Received a gift from Okawaru
 20528 | Orc:2    | Noticed an orc warlord
 20552 | Orc:2    | Killed an orc warlord
 20727 | Orc:2    | Found a roughly hewn altar of Beogh.
 20730 | Orc:2    | Found Soigeiro's Jewellery Boutique.
 20762 | Orc:2    | Found Veycaze's General Store.
 20779 | Orc:2    | Found Unah's Antique Armour Boutique.
 20796 | Orc:2    | Found Unkir's Antique Weapon Boutique.
 20953 | Orc:2    | Bought a pair of embroidered boots for 232 gold pieces
 20953 | Orc:2    | Bought a shimmering helmet for 294 gold pieces
 20963 | Orc:2    | Identified the +2 helmet of Xempokoff {Dex+4} (You bought it in a shop on level 2 of the Orcish Mines)
 21896 | D:11     | Found a portal to a secret trove of treasure.
 22265 | D:12     | Noticed Psyche
 22269 | D:12     | Killed Psyche
 23170 | D:13     | Found a hazy altar of Hepliaklqana.
 23224 | D:13     | Found a gate to the Vaults.
 23295 | D:13     | Reached skill level 14 in Shields
 23650 | D:14     | Received a gift from Okawaru
 23970 | D:14     | Reached XP level 16. HP: 76/101 MP: 20/20
 24008 | D:14     | Reached skill level 15 in Shields
 24461 | D:15     | Entered Level 15 of the Dungeon
 24571 | D:15     | Got a translucent ivory ring
 24575 | D:15     | Identified the ring of the King {+Fly rF- Int+3 Stlth-} (You found it on level 15 of the Dungeon)
 24763 | D:15     | Reached skill level 16 in Shields
 24784 | D:15     | Got a fine lapis lazuli ring
 24786 | D:15     | Identified the ring of Byhoip {*Corrode MP+9 Dex+4} (You found it on level 15 of the Dungeon)
 24820 | D:15     | Got a flickering brass amulet
 24829 | D:15     | Identified the amulet "Ateekko" {Inacc rPois rF+++ rC- Dex+9} (You found it on level 15 of the Dungeon)
 24932 | D:15     | Found a staircase to the Depths.
 24959 | D:15     | Noticed Kirke
 24975 | D:15     | Killed Kirke
 24977 | D:15     | Received a gift from Okawaru
 25002 | D:15     | Got a coiled bronze ring
 25006 | D:15     | Identified the ring "Cachuj" {+Fly rF- MR+ Dex+6 Slay+3} (You found it on level 15 of the Dungeon)
 25124 | D:15     | Paralysed by a floating eye for 3 turns
 25166 | D:15     | Reached skill level 17 in Shields
 25200 | D:15     | Found a shimmering altar of Xom.
 25355 | D:15     | Found a stormy altar of Qazlal.
 25604 | D:15     | Reached skill level 18 in Shields
 25633 | D:15     | Found a stormy altar of Qazlal.
 25699 | Depths:1 | Entered Level 1 of the Depths
 26115 | D:15     | Reached XP level 17. HP: 76/106 MP: 21/21
 26308 | Depths:1 | Received a gift from Okawaru
 26665 | Depths:1 | Reached skill level 19 in Shields
 26914 | Depths:1 | Found a gateway to Hell.
 27221 | Depths:2 | Found a one-way gate to the infinite horrors of the Abyss.
 27232 | Depths:2 | Found a one-way gate leading to the halls of Pandemonium.
 27772 | Depths:2 | Reached skill level 20 in Shields
 28178 | Depths:2 | Received a gift from Okawaru
 28185 | Depths:2 | Noticed a lich
 29165 | Depths:2 | Got a twisted helmet {god gift}
 29176 | Depths:2 | Identified the +0 helmet "Diug" {+Inv Regen+ rCorr} (Okawaru gifted it to you on level 2 of the Depths)
 29205 | Depths:2 | Noticed a titan
 29241 | Depths:2 | Killed a titan
 29324 | Depths:2 | Paralysed by a great orb of eyes for 4 turns
 29353 | Depths:2 | Got an ancient trident
 29354 | Depths:2 | Identified the cursed +0 trident "Ogre's Peril" {flame, +Inv rF+ rN+} (You found it on level 2 of the Depths)
 29415 | Depths:2 | Reached skill level 21 in Shields
 29614 | Depths:3 | Reached XP level 18. HP: 110/112 MP: 22/22
 29645 | Depths:3 | Noticed a juggernaut
 29664 | Depths:3 | Paralysed by a vampire knight for 3 turns
 29766 | Depths:3 | Noticed Saint Roka
 29792 | Depths:2 | Killed a juggernaut
 29796 | Depths:2 | Paralysed by a lich for 5 turns
 29814 | Depths:2 | Killed a lich
 29854 | Depths:2 | Noticed a lich
 29875 | Depths:2 | Killed a lich
 29875 | Depths:2 | Received a gift from Okawaru
 29997 | Depths:2 | Reached skill level 22 in Shields
 30747 | Depths:2 | Killed Saint Roka
 30775 | Depths:3 | Paralysed by a great orb of eyes for 4 turns
 30807 | Depths:3 | Identified the Catalogue of Confrontation
 30847 | Depths:2 | Received a gift from Okawaru
 31081 | Depths:3 | Paralysed by a vampire knight for 2 turns
 31170 | Depths:3 | Noticed the Enchantress
 31325 | Depths:2 | Killed the Enchantress
 31339 | Depths:2 | Received a gift from Okawaru
 31367 | Depths:3 | Reached XP level 19. HP: 117/117 MP: 24/24
 31598 | Depths:3 | Noticed a juggernaut
 31607 | Depths:3 | Noticed a juggernaut
 31615 | Depths:3 | Noticed a lich
 31628 | Depths:3 | Noticed a lich
 31633 | Depths:3 | Killed a juggernaut
 31652 | Depths:3 | Killed a juggernaut
 31652 | Depths:3 | Received a gift from Okawaru
 31652 | Depths:3 | Reached skill level 23 in Shields
 31652 | Depths:3 | Cast into level 3 of the Abyss (a lich)
 31657 | Depths:3 | Escaped the Abyss
 31664 | Depths:3 | Killed a lich
 31665 | Depths:3 | Killed a lich
 31993 | Depths:3 | Got a twisted ring mail
 32004 | Depths:3 | Identified the +1 ring mail of the Arcane {rPois MP+9} (You found it on level 3 of the Depths)
 32153 | Depths:3 | Found a gateway to a ziggurat.
 32153 | Depths:3 | Noticed an ancient lich
 32157 | Depths:3 | Noticed a Tzitzimitl
 32180 | Depths:3 | Noticed a Brimstone Fiend
 32181 | Depths:3 | Killed from afar by a Brimstone Fiend

Skill      XL: |  1  2  3  4  5  6  7  8  9 10 11 12 13 14 15 16 17 18 19 |
---------------+----------------------------------------------------------+-----
Shields        | 4 5 6 7 8 9 10 11 12 14 18 21 22 23 | 23.2
Maces & Flails | 3 4 5 6 8 9 11 13 14 15 16 17 | 17.9
Fighting       | 4 5 6 7 8 9 11 12 | 12.9
Armour         | 4 5 6 7 8 9 10 11 12 | 12.0
Invocations    | 3 4 6 8 |  8.0
Evocations     | 3 5 |  5.0

Action                   |  1- 3 |  4- 6 |  7- 9 | 10-12 | 13-15 | 16-18 | 19-21 || total
-------------------------+-------+-------+-------+-------+-------+-------+-------++-------
Melee: Flail             |   186 |   219 |       |   472 |       |       |       ||   877
       Whip              |       |    86 |   393 |   120 |       |       |       ||   599
       Morningstar       |       |       |       |   284 |       |       |       ||   284
       Demon whip        |       |       |       |   232 |  2034 |  1819 |   210 ||  4295
       Punch             |       |       |       |     1 |     6 |       |       ||     7
Invok: Heroism           |       |       |     1 |     8 |    10 |    12 |     2 ||    33
       Finesse           |       |       |       |       |     6 |    10 |     3 ||    19
Evoke: Wand              |       |       |       |    25 |     9 |    13 |     1 ||    48
       Lamp of fire      |       |       |       |       |       |     1 |     1 ||     2
       Lightning rod     |       |       |       |       |       |     2 |     6 ||     8
  Use: Scroll            |       |       |    13 |    10 |     6 |    15 |       ||    44
       Potion            |       |       |     1 |       |     4 |     4 |     3 ||    12
 Stab: Distracted        |       |     1 |       |       |       |       |       ||     1
  Eat: Chunk             |     1 |     6 |     9 |    22 |    37 |    25 |     3 ||   103
       Ration            |       |       |       |     1 |     1 |       |       ||     2
Armor: Scale mail        |   168 |       |       |       |       |       |       ||   168
       Chain mail        |    27 |   126 |    91 |   178 |       |       |       ||   422
       Plate armour      |       |       |       |   164 |   736 |   528 |    29 ||  1457
Dodge: Dodged            |   105 |    46 |    32 |   142 |   294 |   128 |    17 ||   764
Block: Shield            |   168 |   214 |   181 |   570 |   723 |       |       ||  1856
       Reflection        |       |     1 |     7 |     8 |    46 |    71 |    11 ||   144
       Other             |       |       |       |     5 |    75 |       |       ||    80
       Large shield      |       |       |       |       |    98 |  1420 |   138 ||  1656
